 Dungeon Crawl Stone Soup version 0.31.0-1-g2c135a008e (webtiles) character file.

Game seed: 3843315567307990534

54 qw the Shooter (level 4, -1/35 HPs)
             Began as a Djinni Hunter on Jan 23, 2024.
             Slain by Jessica
             ... wielding a +0 club
              (3 damage)
             ... on level 2 of the Dungeon.
             The game lasted 00:00:04 (727 turns).

qw the Shooter (Djinni Hunter)                       Turns: 727, Time: 00:00:04

Health: -1/35      AC:  3    Str: 10    XL:     4   Next: 12%
Gold:   10         EV:  9    Int: 10    God:
                   SH:  0    Dex: 19

rFire   + + .        a - +0 shortbow
rCold   x . .        (shield currently unavailable)
rNeg    . . .        c - +0 leather armour
rPois   inf          (no helmet)
rElec   .            (no cloak)
rCorr   .            (no gloves)
SInv    .            (boots unavailable)
Will    .....        (no amulet)
Stlth   ++           (no ring)
HPRegen 0.25/turn    (no ring)
MPRegen 0.00/turn

%: infuse magic (-2 HP)
@: flying, constricted
A: sickness immunity, fire resistance 2, cold vulnerability 1, float, innate
caster, HP casting, extra vitality 1
a: no special abilities


You were on level 2 of the Dungeon.
You visited 1 branch of the dungeon, and saw 2 of its levels.

You collected 10 gold pieces.


Innate Abilities, Weirdness & Mutations

You are immune to sickness and miasma.
You are immune to poison.
Your flesh is very heat resistant. (rF++)
You are vulnerable to cold. (rC-)
You float through the air rather than walking.
You learn spells naturally, not from books.
Your magical power is your life essence.
You have superior vitality. (+4 MHP)


   Skills:
 - Level 3.0 Fighting
 - Level 4.0 Ranged Weapons
 + Level 2.3 Dodging
 - Level 0.7 Stealth


You knew the following spells:

 Your Spells              Type           Power      Damage    Failure   Level
a - Sandblast             Erth           0%         2d4       45%         1
Your spell library was empty.

Inventory:

Hand Weapons
 a - a +0 shortbow (weapon)
Armour
 c - a +0 leather armour (worn)
Potions
 g - a potion of cancellation

Dungeon Overview and Level Annotations

Branches:
Dungeon (2/15)

Altars:

Annotations:
D:2 Jessica


Message History

There is a stone staircase leading up here.
722 ||| RETREEEEATING.
You shoot an arrow. The arrow hits Jessica.
Jessica is lightly wounded.
Jessica hits you with a +0 club.
You shoot an arrow. The arrow barely misses Jessica.
The arrow hits the gnoll.
The gnoll is moderately wounded.
Jessica hits you with a +0 club.
The gnoll hits you from afar with a +0 spear.
A gnoll comes into view. It is wielding a +0 spear.
Jessica says, "Why did you come here?" Jessica closely misses you.
The gnoll hits you from afar with a +0 spear.
The gnoll hits you with a +0 whip.
You shoot an arrow. The gnoll shouts!
The arrow hits the gnoll.
The gnoll is heavily wounded.
You hear an angry hiss.
Jessica shouts, "You are a ghastly nuisance!"
Jessica completely misses you.
The gnoll hits you from afar with a +0 spear.
The ball python barely misses you. The ball python closely misses you.
Jessica hits you with a +0 club.
You shoot an arrow. The arrow closely misses the gnoll.
A bat comes into view.
An adder comes into view.
Jessica hits you but does no damage.
A rat comes into view.
The gnoll hits you from afar with a +0 spear.
The ball python bites you but does no damage.
The ball python barely misses you. The gnoll barely misses you.
You shoot an arrow. The rat squeaks loudly.
The arrow hits the gnoll!
You kill the gnoll!
Jessica barely misses you.
The ball python bites you but does no damage.
The ball python grabs you. The ball python constricts you.
Jessica hits you with a +0 club.
You die...

...... #.....
....(r. ...... .
.......#..... ..
............ ...
..$.g...... ....
......g.#.#.....
........)..#....
..S.g..@@S......
.....#<.....###
. ... ###++#####
##. . #.( ....
#.##### ....
+.....###...
+...#.......
#<....##....
#...#.......


You could see 3 gnolls, an adder, Jessica (fast), a ball python and a rat.

Vanquished Creatures
  A gnoll (D:2)
  An adder (D:1)
  4 dart slugs (D:1)
  A ball python (D:1)
  4 endoplasms (D:1)
  2 giant cockroaches (D:1)
  A goblin (D:1)
  4 hobgoblins (D:1)
  6 kobolds (D:1)
  2 quokkas (D:1)
  3 bats (D:1)
  4 rats
33 creatures vanquished.

Notes
Turn   | Place    | Note
-------+----------+-------------------------------------------
     0 | D:1      | qw the Djinni Hunter began the quest for the Orb.
     0 | D:1      | Reached XP level 1. HP: 18/18 MP: 0/0
     0 | D:1      | 0 ||| qw: Version: 0.3-a-135-gb77e89d
     0 | D:1      | 0 ||| qw: Game counter: 950
     0 | D:1      | 0 ||| qw: Melee chars always use a shield: true
     0 | D:1      | 0 ||| qw: God list: Okawaru
     0 | D:1      | 0 ||| qw: Allow faded altars: false
     0 | D:1      | 0 ||| qw: Do Orc after clearing Dungeon:15 true
     0 | D:1      | 0 ||| qw: Do second Lair branch before Depths: true
     0 | D:1      | 0 ||| qw: Lair rune preference: random
     0 | D:1      | 0 ||| qw: Goals: Normal
     0 | D:1      | 0 ||| PLANNING D:1-11
    37 | D:1      | Reached XP level 2. HP: 23/23 MP: 0/0
    56 | D:1      | You are sucked into a shaft and drop 1 floor!
    68 | D:2      | 68 ||| DRINKING 2 viscous pink potions.
    69 | D:2      | 69 ||| DROPPING scroll of butterflies.
    70 | D:2      | 70 ||| DROPPING potion of attraction.
   131 | D:1      | Reached XP level 3. HP: 12/28 MP: 0/0
   131 | D:1      | Learned a level 1 spell: Sandblast
   222 | D:1      | Reached skill level 4 in Ranged Weapons
   597 | D:1      | 597 ||| READING scroll labelled TAPLI YLUH.
   600 | D:1      | 600 ||| READING 2 scrolls labelled UXIPLO EHUINU.
   600 | D:1      | 600 ||| IDENTIFYING fizzy white potion
   601 | D:1      | 601 ||| READING scroll of identify.
   601 | D:1      | 601 ||| IDENTIFYING clear potion
   602 | D:1      | 602 ||| DRINKING 2 ruby potions.
   603 | D:1      | 603 ||| DROPPING potion of invisibility.
   604 | D:1      | 604 ||| DROPPING potion of magic.
   627 | D:2      | Noticed Jessica
   629 | D:2      | 629 ||| STAIRDANCE
   638 | D:2      | 638 ||| STAIRDANCE
   642 | D:1      | Reached skill level 3 in Fighting
   642 | D:1      | Reached XP level 4. HP: 30/35 MP: 0/0
   667 | D:2      | 667 ||| STAIRDANCE
   703 | D:2      | 703 ||| STAIRDANCE
   717 | D:2      | 717 ||| STAIRDANCE
   722 | D:2      | 722 ||| RETREEEEATING.
   725 | D:2      | HP: 4/35 [gnoll/+0 spear (5)]
   726 | D:2      | HP: 1/35 [gnoll/+0 spear (1)]
   727 | D:2      | Slain by Jessica

Levels and vault maps discovered:
D:1:      lightli_arrival_quake, layout_rooms
D:2:      layout_rooms, minmay_misc_feat_rows, kennysheep_generic_room_15,
          uniq_jessica

Skill      XL: |  1  2  3 |
---------------+----------+-----
Ranged Weapons | 4 |  4.0
Fighting       | 3 |  3.0
Dodging        | |  2.3
Stealth        | |  0.7

Action                     |  1- 3 |  4- 6 || total
---------------------------+-------+-------++-------
   Fire: Shortbow          |    92 |    12 ||   104
    Use: Potion            |     2 |       ||     2
         Scroll            |     3 |       ||     3
 Armour: Leather armour    |    33 |    17 ||    50
  Dodge: Dodged            |    35 |    16 ||    51

Table legend:
 A = Non-vault XP
 B = Vault XP
 C = Vault XP percentage of total XP
 D = Non-vault monster count
 E = Vault monster count
 F = Vault count percentage of total count
                 A         B        C        D         E       F
            +---------+---------+-------+---------+---------+-------
      Total |      92 |       0 |   0.0 |      33 |       0 |   0.0
            +---------+---------+-------+---------+---------+-------
        D:1 |      77 |       0 |   0.0 |      31 |       0 |   0.0
        D:2 |      15 |       0 |   0.0 |       2 |       0 |   0.0
            +---------+---------+-------+---------+---------+-------
